 Dungeon Crawl Stone Soup version 0.30-a0-586-g23e55c9e0a (webtiles) character file.

Game seed: 17635281129578028100

224 bande the Covered (level 6, -2/38 HPs)
             Began as a Gargoyle Fighter on Jan 3, 2023.
             Slain by an ogre
             ... wielding a +0 giant club
              (21 damage)
             ... on level 4 of the Dungeon.
             The game lasted 00:05:07 (2235 turns).

bande the Covered (Gargoyle Fighter)                Turns: 2235, Time: 00:05:08

Health: -2/38      AC: 13    Str: 19    XL:     6   Next: 0%
Magic:  6/6        EV:  9    Int:  9    God:
Gold:   194        SH:  9    Dex: 11    Spells: 5/5 levels left

rFire   . . .      SeeInvis .    a - +1 war axe (freeze)
rCold   . . .      Faith    .    c - +0 buckler
rNeg    + . .      Spirit   .    b - +0 scale mail
rPois   ∞          Reflect  +    h - +0 helmet
rElec   +          Harm     .    f - +0 cloak
rCorr   .          Rampage  .    (no gloves)
Will    .....                    (no boots) Stlth
                                 r - amulet of reflection
HPRegen 0.26/turn                (no ring)
MPRegen 0.10/turn                (no ring)

@: no status effects
A: sickness immunity, AC +4, negative energy resistance 1, electricity
resistance, torment resistance 1, petrification resistance
a: no special abilities


You were on level 4 of the Dungeon.
You visited 1 branch of the dungeon, and saw 4 of its levels.

You collected 194 gold pieces.

Inventory:

Hand Weapons
 a - a +1 war axe of freezing (weapon)
 o - a +0 broad axe
 q - a +0 flail
Armour
 b - a +0 scale mail (worn)
 c - a +0 buckler (worn)
 f - a +0 cloak (worn)
 h - a +0 helmet (worn)
Jewellery
 g - an amulet of regeneration
 r - an amulet of reflection (around neck)
Wands
 l - a wand of flame (4)
Scrolls
 e - 2 scrolls of identify
 j - 2 scrolls of teleportation
Potions
 d - a potion of might
 i - a potion of resistance
 m - a potion of curing
 n - a potion of brilliance
 p - a potion of flight


   Skills:
 + Level 3.9 Fighting
 + Level 3.6 Axes
 + Level 4.2 Armour
 + Level 4.1 Shields
 * Level 1.5 Evocations


You had 5 spell levels left.
You didn't know any spells.
Your spell library was empty.

Dungeon Overview and Level Annotations

Branches:
Dungeon (4/15)             Temple (0/1) D:4

Altars:
Hepliaklqana
Okawaru
Qazlal


Innate Abilities, Weirdness & Mutations

You are immune to sickness and miasma.
Your stone body is resilient. (AC +4)
You are immune to poison.
You resist negative energy. (rN+)
You are resistant to electric shocks. (rElec)
You are resistant to unholy torment.
You are immune to petrification.


Message History

You barely miss the hobgoblin.
The orc priest suddenly cheers.
You block the orc priest's attack. The hobgoblin hits you with a +0 mace.
You block the orc priest's attack. The orc hits you with a +0 mace.
You block the hobgoblin's attack.
Unknown command.
You hit the orc priest. You freeze the orc priest.
The orc priest is heavily wounded.
You closely miss the orc. You hit the hobgoblin. You freeze the hobgoblin.
You block the orc's attack.
The orc priest looks encouraged for a moment.
The hobgoblin barely misses you.
Unknown command.
You slash the orc priest! You freeze the orc priest.
You kill the orc priest!
You hit the orc. You freeze the orc.
You kill the orc!
You hit the hobgoblin. You freeze the hobgoblin.
You kill the hobgoblin!
You have reached level 6!
You see here a +0 mace.
Unknown command.
You see here a +0 mace.
e - 2 scrolls of identify (gained 1)
Items here: )) [ †.
You see here a +0 mace.
g - an amulet of regeneration An ogre comes into view.
It is wielding a +0 giant club.
Found a stone staircase leading down.
The ogre shouts!
The ogre moves out of view.
Found 10 gold pieces.
Found an escape hatch in the floor.
A kobold brigand comes into view.
It is wielding a +0 short sword and quivering poisoned darts.
The ogre hits you with a +0 giant club!
You barely miss the ogre. You block the ogre's attack.
You hit the ogre. You freeze the ogre.
The ogre is moderately wounded.
The ogre hits you with a +0 giant club!!
Ouch! That really hurt!
You die...

*###,**,****** #...,*,,,,,,,*
#######.#***,<,,,,,*
........# *,,,,,,,*
........####,,,,,,,*
...........#********
.........#.#
)........#.########
.))............O@>#
.........###.#.##.#
.######..#*#......# .#
#....>.#....#
.#****#.####.#....#
..,,,,...,,.......#**********
<.,,,...#*##...$...,,,,,,,,,*
#.,,,...# #....K..#*,,,,,,,*
*,,,,,,,* ****,,,,**,*****,*


You could see an ogre.

Vanquished Creatures
  2 orc priests
  An orc wizard (D:3)
  4 adders
  An ufetubus (D:3)
  2 worms (D:2)
  2 dart slugs (D:1)
  8 orcs
  7 endoplasms
  A giant cockroach (D:1)
  9 goblins
  7 hobgoblins
  5 jackals (D:1)
  10 kobolds
  7 ball pythons
  5 bats
  3 frilled lizards
  6 rats
80 creatures vanquished.

Notes
Turn   | Place    | Note
-------+----------+-------------------------------------------
     0 | D:1      | bande the Gargoyle Fighter began the quest for the Orb.
     0 | D:1      | Reached XP level 1. HP: 14/14 MP: 1/1
    62 | D:1      | Reached XP level 2. HP: 19/19 MP: 2/2
   173 | D:1      | Reached XP level 3. HP: 23/23 MP: 3/3
   465 | D:2      | Found a faded altar of an unknown god.
   524 | D:2      | Reached XP level 4. HP: 28/28 MP: 4/4
  1333 | D:3      | Found an iron altar of Okawaru.
  1333 | D:3      | Found a hazy altar of Hepliaklqana.
  1545 | D:3      | Reached skill level 1 in Evocations
  1545 | D:3      | Reached XP level 5. HP: 33/33 MP: 5/5
  2166 | D:4      | Found a stormy altar of Qazlal.
  2210 | D:4      | Reached XP level 6. HP: 25/38 MP: 6/6
  2235 | D:4      | Slain by an ogre

Illustrated notes

Levels and vault maps discovered:
D:1:      lightli_arrival_lavapool, layout_rooms
D:2:      minmay_alternating_diamond, layout_basic,
          hellmonk_ecumenical_altar_pennies_from_heaven
D:3:      layout_basic, gammafunk_temple_overflow_statue, st_stairs_6
D:4:      layout_basic, overflow_temple_1_default, temple_pool_b,
          enter_ossuary_2

Skill      XL: |  1  2  3  4  5 |
---------------+----------------+-----
Axes           | 2 3 |  3.6
Shields        | 4 |  4.1
Evocations     | 1 |  1.5
Armour         | 4 |  4.2
Fighting       | |  3.9

Action                   |  1- 3 |  4- 6 || total
-------------------------+-------+-------++-------
Melee: War axe           |   100 |   111 ||   211
  Use: Scroll            |       |    10 ||    10
Armor: Scale mail        |    75 |    48 ||   123
Dodge: Dodged            |    57 |    35 ||    92
Block: Buckler           |    33 |    40 ||    73

Table legend: (Time is in decaauts)
 A = Elapsed time spent in this place.
 B = Non-inter-level travel time spent in this place.
 C = Inter-level travel time spent in this place.
 D = Time resting spent in this place.
 E = Time spent auto-exploring this place.
 F = Levels seen in this place.
 G = Mean time per level.
                   A        B        C        D        E       F      G
               +--------+--------+--------+--------+--------+-----+--------+
         Total |   2322 |   2322 |      0 |    162 |   1480 |   4 |  580.5 |
       Dungeon |   2322 |   2322 |      0 |    162 |   1480 |   4 |  580.5 |
               +--------+--------+--------+--------+--------+-----+--------+

Top non-repeatable levels by time:
     D:3: 953 daAuts
     D:2: 799 daAuts
     D:1: 488 daAuts
     D:4: 81 daAuts
